| TOP OF THE 1ST |
|
Nashville Sounds batting - Pitching for Round Rock Express : RHP Luis Herrera
|
|
Pitching: RHP Luis Herrera
|
|
|
Batting: RHB Jeff Garofalo
|
0-0: Ball 1-0: Ball 2-0: Foul Ball, location: 2F 2-1: Ground out 6-3 (Groundball, P, EV 88.8 MPH)
|
|
Batting: SHB Robert Santiago
|
0-0: Ball 1-0: DOUBLE (Flyball, 8RXD, EV 102.5 MPH)
|
|
Batting: RHB Tim Cordle
|
0-0: Ball 1-0: Ball 2-0: Ball 3-0: Called Strike 3-1: Base on Balls
|
|
Batting: RHB David Herrera
|
0-0: Called Strike Robert Santiago steals 3rd base 0-1: Foul Ball, location: 2F 0-2: Strikes out swinging
|
|
Batting: SHB D.J. Codd
|
0-0: Called Strike 0-1: Ball 1-1: Ball 2-1: Called Strike 2-2: Strikes out swinging
|
| Top of the 1st over - 0 runs, 1 hit, 0 errors, 2 left on base; Nashville 0 - Round Rock 0 |
| BOTTOM OF THE 1ST |
|
Round Rock Express batting - Pitching for Nashville Sounds : LHP Kalaida Steedman
|
|
Pitching: LHP Kalaida Steedman
|
|
|
Batting: RHB Bill Turnbull
|
0-0: Ball 1-0: Foul Ball, location: 2F 1-1: Foul Ball, location: 2F 1-2: Strikes out swinging
|
|
Batting: RHB Laroya Foronda
|
0-0: SINGLE (Groundball, 4M, EV 90.6 MPH) (infield hit)
|
|
Batting: LHB Josh Stuck
|
0-0: Ball 1-0: Called Strike 1-1: Ball 2-1: Ball 3-1: Base on Balls Laroya Foronda to second
|
|
Batting: RHB Mike Quackenbush
|
0-0: Ball 1-0: Foul Ball, location: 2F 1-1: Ball 2-1: Ball 3-1: SINGLE (Groundball, 56D, EV 99.4 MPH) Laroya Foronda to third Josh Stuck to second Runner from 3rd tries for Home, SAFE, throw by LF to home
|
|
Batting: LHB Zion Davidson
|
0-0: Ball Josh Stuck steals 3rd base Mike Quackenbush to second 1-0: Called Strike 1-1: Ball 2-1: Ball 3-1: Called Strike 3-2: Foul Ball, location: 2F 3-2: Foul Ball, location: 2F 3-2: Base on Balls
|
|
Batting: RHB Chris Torlak
|
0-0: Grounds into double play, 5-4-3 (Groundball, 56, EV 106.9 MPH)
|
| Bottom of the 1st over - 1 run, 2 hits, 0 errors, 2 left on base; Nashville 0 - Round Rock 1 |
| TOP OF THE 2ND |
|
Nashville Sounds batting - Pitching for Round Rock Express : RHP Luis Herrera
|
|
Batting: RHB Wade Diamond
|
0-0: Swinging Strike 0-1: Ball 1-1: Called Strike 1-2: Ball 2-2: Ball 3-2: Base on Balls
|
|
Batting: RHB Robby Godwin
|
0-0: Foul Ball, location: 2F 0-1: Swinging Strike 0-2: Ball 1-2: Foul Ball, location: 2F 1-2: Foul Ball, location: 2F 1-2: Ball 2-2: Ball 3-2: Base on Balls Wade Diamond to second
|
|
Batting: SHB Ryan Chicoine
|
0-0: Ball 1-0: Ball 2-0: Swinging Strike 2-1: Called Strike 2-2: Strikes out swinging
|
|
Batting: RHB Yonetoshi Muranaka
|
0-0: Called Strike 0-1: Swinging Strike 0-2: Ball 1-2: Ball 2-2: Strikes out swinging
|
|
Batting: RHB Jeff Garofalo
|
0-0: Foul Ball, location: 2F 0-1: Fielders Choice at 2nd, 6-4 (Groundball, 6D, EV 86.2 MPH)
|
| Top of the 2nd over - 0 runs, 0 hits, 0 errors, 2 left on base; Nashville 0 - Round Rock 1 |
| BOTTOM OF THE 2ND |
|
Round Rock Express batting - Pitching for Nashville Sounds : LHP Kalaida Steedman
|
|
Batting: RHB Jeremy Boerman
|
0-0: Ball 1-0: Called Strike 1-1: Fly out, F7 (Flyball, 7D, EV 93.8 MPH)
|
|
Batting: RHB Martin Guerrero
|
0-0: Ball 1-0: Called Strike 1-1: Ball 2-1: Called Strike 2-2: Ground out 6-3 (Groundball, 6, EV 110.6 MPH)
|
|
Batting: RHB Luis Arce
|
0-0: Ground out 5-3 (Groundball, 56, EV 99.4 MPH)
|
| Bottom of the 2nd over - 0 runs, 0 hits, 0 errors, 0 left on base; Nashville 0 - Round Rock 1 |
| TOP OF THE 3RD |
|
Nashville Sounds batting - Pitching for Round Rock Express : RHP Luis Herrera
|
|
Batting: SHB Robert Santiago
|
0-0: Ball 1-0: Ball 2-0: Foul Ball, location: 2F 2-1: Ball 3-1: Swinging Strike 3-2: Foul Ball, location: 2F 3-2: Base on Balls
|
|
Batting: RHB Tim Cordle
|
0-0: Swinging Strike 0-1: Fly out, F8 (Flyball, 8RM, EV 80.6 MPH)
|
|
Batting: RHB David Herrera
|
0-0: Ball 1-0: Foul Ball, location: 2F 1-1: Ball 2-1: Called Strike 2-2: Grounds into double play, 5-4-3 (Groundball, 5, EV 86.2 MPH)
|
| Top of the 3rd over - 0 runs, 0 hits, 0 errors, 0 left on base; Nashville 0 - Round Rock 1 |
| BOTTOM OF THE 3RD |
|
Round Rock Express batting - Pitching for Nashville Sounds : LHP Kalaida Steedman
|
|
Batting: RHB Bill Turnbull
|
0-0: Ball 1-0: Ball 2-0: Ball 3-0: Base on Balls
|
|
Batting: RHB Laroya Foronda
|
0-0: Ball Bill Turnbull is caught stealing 2nd base 2-4 1-0: Ground out 5-3 (Groundball, 5S, EV 66.9 MPH)
|
|
Batting: LHB Josh Stuck
|
0-0: Ball 1-0: Foul Ball, location: 2F 1-1: Fly out, F9 (Flyball, 89M, EV 88.8 MPH)
|
| Bottom of the 3rd over - 0 runs, 0 hits, 0 errors, 0 left on base; Nashville 0 - Round Rock 1 |
| TOP OF THE 4TH |
|
Nashville Sounds batting - Pitching for Round Rock Express : RHP Luis Herrera
|
|
Batting: SHB D.J. Codd
|
0-0: Ball 1-0: Called Strike 1-1: Swinging Strike 1-2: Foul Ball, location: 2F 1-2: Fly out, F7 (Flyball, 7LMF, EV 83.8 MPH)
|
|
Batting: RHB Wade Diamond
|
0-0: Ball 1-0: Called Strike 1-1: Ball 2-1: Ball 3-1: Called Strike 3-2: Foul Ball, location: 2F 3-2: Foul Ball, location: 2F 3-2: Base on Balls
|
|
Batting: RHB Robby Godwin
|
0-0: Ball 1-0: SINGLE (Groundball, 56D, EV 101.2 MPH) Wade Diamond to second
|
|
Batting: SHB Ryan Chicoine
|
0-0: Ball 1-0: Ball 2-0: Ball 3-0: Base on Balls Wade Diamond to third Robby Godwin to second
|
|
Batting: RHB Yonetoshi Muranaka
|
0-0: Called Strike 0-1: Swinging Strike 0-2: Fly out, F7 (Flyball, 7, EV 88.8 MPH)
|
|
Batting: RHB Jeff Garofalo
|
0-0: Ball 1-0: Ball Wild Pitch! Wade Diamond scores Robby Godwin to third Ryan Chicoine to second 2-0: Called Strike 2-1: Swinging Strike 2-2: SINGLE (Line Drive, 8RS, EV 108.8 MPH) Robby Godwin scores Ryan Chicoine to third Runner from 3rd tries for Home, SAFE, throw by CF to home
|
|
Batting: SHB Robert Santiago
|
0-0: Called Strike 0-1: Swinging Strike 0-2: Ball 1-2: Ball 2-2: Ball 3-2: Foul Ball, location: 2F 3-2: Foul Ball, location: 2F 3-2: Base on Balls Jeff Garofalo to second
|
|
Batting: RHB Tim Cordle
|
0-0: Foul Ball, location: 2F 0-1: Ball 1-1: Ball 2-1: SINGLE (Groundball, 34D, EV 94.4 MPH) Jeff Garofalo to third Robert Santiago to second Runner from 3rd tries for Home, SAFE, throw by RF to home
|
|
Batting: RHB David Herrera
|
0-0: Called Strike 0-1: Ball 1-1: Ball 2-1: Ball 3-1: Swinging Strike 3-2: Strikes out swinging
|
| Top of the 4th over - 4 runs, 3 hits, 0 errors, 2 left on base; Nashville 4 - Round Rock 1 |
| BOTTOM OF THE 4TH |
|
Round Rock Express batting - Pitching for Nashville Sounds : LHP Kalaida Steedman
|
|
Batting: RHB Mike Quackenbush
|
0-0: Fly out, F9 (Flyball, 9, EV 91.2 MPH)
|
|
Batting: LHB Zion Davidson
|
0-0: Swinging Strike 0-1: Ball 1-1: Ball 2-1: Ground out 5-3 (Groundball, 5S, EV 73.8 MPH)
|
|
Batting: RHB Chris Torlak
|
0-0: Swinging Strike 0-1: Ball 1-1: Ground out 6-3 (Groundball, 6S, EV 70.6 MPH)
|
| Bottom of the 4th over - 0 runs, 0 hits, 0 errors, 0 left on base; Nashville 4 - Round Rock 1 |
| TOP OF THE 5TH |
|
Nashville Sounds batting - Pitching for Round Rock Express : RHP Luis Herrera
|
|
Pitching: RHP Matt Stutzman
|
|
|
Batting: SHB D.J. Codd
|
0-0: Ball 1-0: Ground out 4-3 (Groundball, 4, EV 86.9 MPH)
|
|
Batting: RHB Wade Diamond
|
0-0: Ball 1-0: Ball 2-0: Ball 3-0: Called Strike 3-1: Base on Balls
|
|
Batting: RHB Robby Godwin
|
0-0: Ball 1-0: Ball Passed Ball! Wade Diamond to second 2-0: Foul Ball, location: 2F 2-1: Ground out 6-3 (Groundball, 6, EV 84.4 MPH) Wade Diamond to third
|
|
Batting: SHB Ryan Chicoine
|
0-0: Called Strike 0-1: Ball 1-1: DOUBLE (Flyball, 8RXD, EV 96.9 MPH) Wade Diamond scores
|
|
Batting: RHB Yonetoshi Muranaka
|
0-0: SINGLE (Groundball, 56D, EV 105.0 MPH) Ryan Chicoine to third Runner from 3rd tries for Home, SAFE, throw by LF to home
|
|
Pitching: RHP Tom Jensen
|
|
|
Batting: RHB Jeff Garofalo
|
0-0: Ball 1-0: Ball 2-0: Fly out, F7 (Flyball, 7LM, EV 88.1 MPH)
|
| Top of the 5th over - 2 runs, 2 hits, 0 errors, 1 left on base; Nashville 6 - Round Rock 1 |
| BOTTOM OF THE 5TH |
|
Round Rock Express batting - Pitching for Nashville Sounds : LHP Kalaida Steedman
|
|
Batting: RHB Jeremy Boerman
|
0-0: Swinging Strike 0-1: Foul Ball, location: 2F 0-2: Ball 1-2: Ground out 5-3 (Groundball, 56S, EV 77.5 MPH)
|
|
Batting: RHB Martin Guerrero
|
0-0: Ball 1-0: Called Strike 1-1: Called Strike 1-2: Foul Ball, location: 2F 1-2: Strikes out swinging, 2-3 out at first.
|
|
Batting: RHB Luis Arce
|
0-0: Called Strike 0-1: Ground out 4-3 (Groundball, 6M, EV 89.4 MPH)
|
| Bottom of the 5th over - 0 runs, 0 hits, 0 errors, 0 left on base; Nashville 6 - Round Rock 1 |
| TOP OF THE 6TH |
|
Nashville Sounds batting - Pitching for Round Rock Express : RHP Tom Jensen
|
|
Batting: SHB Robert Santiago
|
0-0: Ball 1-0: Called Strike 1-1: Swinging Strike 1-2: Foul Ball, location: 2F 1-2: Foul Ball, location: 2F 1-2: DOUBLE (Line Drive, 8RXD, EV 110.0 MPH)
|
|
Batting: RHB Tim Cordle
|
0-0: Fly out, F9 (Flyball, 9, EV 86.9 MPH) Runner from 2nd tags up, SAFE at 3rd with throw by RF
|
|
Batting: RHB David Herrera
|
0-0: Called Strike 0-1: Swinging Strike 0-2: Ball 1-2: Ball 2-2: Ground out U3 (Groundball, 3, EV 86.9 MPH)
|
|
Batting: SHB D.J. Codd
|
0-0: Foul Ball, location: 2F 0-1: Ball 1-1: Ground out U3 (Groundball, 34S, EV 89.4 MPH)
|
| Top of the 6th over - 0 runs, 1 hit, 0 errors, 1 left on base; Nashville 6 - Round Rock 1 |
| BOTTOM OF THE 6TH |
|
Round Rock Express batting - Pitching for Nashville Sounds : LHP Kalaida Steedman
|
|
Batting: RHB Bill Turnbull
|
0-0: Hit by Pitch
|
|
Batting: RHB Laroya Foronda
|
0-0: Called Strike 0-1: Swinging Strike 0-2: Grounds into double play, 4-6-3 (Groundball, 4, EV 108.8 MPH)
|
|
Batting: LHB Josh Stuck
|
0-0: Ball 1-0: Ball 2-0: Foul Ball, location: 2F 2-1: Foul Ball, location: 2F 2-2: Ball 3-2: Fly out, F6 (Popup, 6M, EV 56.9 MPH)
|
| Bottom of the 6th over - 0 runs, 0 hits, 0 errors, 0 left on base; Nashville 6 - Round Rock 1 |
| TOP OF THE 7TH |
|
Nashville Sounds batting - Pitching for Round Rock Express : RHP Tom Jensen
|
|
Batting: RHB Wade Diamond
|
0-0: Called Strike 0-1: Called Strike 0-2: Foul Ball, location: 2F 0-2: Ball 1-2: Ball 2-2: Foul Ball, location: 2F 2-2: Ball 3-2: Strikes out swinging
|
|
Batting: RHB Robby Godwin
|
0-0: Called Strike 0-1: Ball 1-1: Swinging Strike 1-2: Ball 2-2: Ball 3-2: Ground out 5-3 (Groundball, 56, EV 88.1 MPH)
|
|
Batting: SHB Ryan Chicoine
|
0-0: Swinging Strike 0-1: Swinging Strike 0-2: Foul Ball, location: 2F 0-2: Ball 1-2: Foul Ball, location: 2F 1-2: Strikes out swinging
|
| Top of the 7th over - 0 runs, 0 hits, 0 errors, 0 left on base; Nashville 6 - Round Rock 1 |
| BOTTOM OF THE 7TH |
|
Round Rock Express batting - Pitching for Nashville Sounds : LHP Kalaida Steedman
|
|
Batting: RHB Mike Quackenbush
|
0-0: Called Strike 0-1: Ball 1-1: Ball 2-1: Called Strike 2-2: Foul Ball, location: 2F 2-2: Strikes out swinging
|
|
Batting: LHB Zion Davidson
|
0-0: Ball 1-0: Called Strike 1-1: Ground out 1-3 (Groundball, 13S, EV 70.6 MPH)
|
|
Batting: RHB Chris Torlak
|
0-0: Ball 1-0: Ball 2-0: Ball 3-0: Base on Balls
|
|
Batting: RHB Jeremy Boerman
|
0-0: Called Strike 0-1: Ball 1-1: Ball 2-1: Called Strike Chris Torlak steals 2nd base 2-2: SINGLE (Line Drive, 78S, EV 96.2 MPH) Chris Torlak to third Runner from 3rd tries for Home, SAFE, throw by LF to home
|
|
Batting: RHB Martin Guerrero
|
0-0: Ball 1-0: Fly out, F9 (Flyball, 89S, EV 89.4 MPH)
|
| Bottom of the 7th over - 1 run, 1 hit, 0 errors, 1 left on base; Nashville 6 - Round Rock 2 |
| TOP OF THE 8TH |
|
Nashville Sounds batting - Pitching for Round Rock Express : RHP Tom Jensen
|
|
Pitching: RHP Aaron Munt
|
|
|
Batting: RHB Yonetoshi Muranaka
|
0-0: Called Strike 0-1: Called Strike 0-2: Ball 1-2: Ball 2-2: Foul Ball, location: 2F 2-2: Ball 3-2: Foul Ball, location: 2F 3-2: Base on Balls
|
|
Batting: RHB Jeff Garofalo
|
0-0: Sac Bunt to 15S - play at first, batter OUT! 1-3 Yonetoshi Muranaka to second
|
|
Batting: SHB Robert Santiago
|
0-0: Ball 1-0: Ball 2-0: Foul Ball, location: 2F 2-1: Ball 3-1: Called Strike 3-2: Base on Balls
|
|
Batting: RHB Tim Cordle
|
0-0: Fly out, F8 (Flyball, 8RM, EV 95.6 MPH)
|
|
Batting: RHB David Herrera
|
0-0: Called Strike 0-1: Called Strike 0-2: Ball 1-2: Ball 2-2: Strikes out swinging
|
| Top of the 8th over - 0 runs, 0 hits, 0 errors, 2 left on base; Nashville 6 - Round Rock 2 |
| BOTTOM OF THE 8TH |
|
Round Rock Express batting - Pitching for Nashville Sounds : LHP Kalaida Steedman
|
|
Batting: RHB Luis Arce
|
0-0: Called Strike 0-1: Ball 1-1: Fly out, F9 (Flyball, 9D, EV 86.9 MPH)
|
|
Batting: RHB Bill Turnbull
|
0-0: Ball 1-0: Ground out 4-3 (Groundball, 4, EV 85.0 MPH)
|
|
Batting: RHB Laroya Foronda
|
0-0: Called Strike 0-1: Foul Ball, location: 2F 0-2: Strikes out swinging
|
| Bottom of the 8th over - 0 runs, 0 hits, 0 errors, 0 left on base; Nashville 6 - Round Rock 2 |
| TOP OF THE 9TH |
|
Nashville Sounds batting - Pitching for Round Rock Express : RHP Aaron Munt
|
|
Batting: SHB D.J. Codd
|
0-0: Ball 1-0: Fly out, F8 (Flyball, 8LD, EV 91.2 MPH)
|
|
Batting: RHB Wade Diamond
|
0-0: Ground out 1-3 (Groundball, 34S, EV 67.5 MPH)
|
|
Batting: RHB Robby Godwin
|
0-0: Called Strike 0-1: Ball 1-1: SINGLE (Groundball, 56S, EV 67.5 MPH) (infield hit)
|
|
Batting: SHB Ryan Chicoine
|
0-0: Fielders Choice at 2nd, 5-4 (Groundball, 56, EV 100.0 MPH)
|
| Top of the 9th over - 0 runs, 1 hit, 0 errors, 1 left on base; Nashville 6 - Round Rock 2 |
| BOTTOM OF THE 9TH |
|
Round Rock Express batting - Pitching for Nashville Sounds : LHP Kalaida Steedman
|
|
Pitching: RHP Jesus Gonzales
|
|
|
Batting: LHB Josh Stuck
|
0-0: Ball 1-0: Swinging Strike 1-1: Called Strike 1-2: Ball 2-2: Ball 3-2: Strikes out looking
|
|
Batting: RHB Mike Quackenbush
|
0-0: Called Strike 0-1: Ball 1-1: Ground out 6-3 (Groundball, 6, EV 93.1 MPH)
|
|
Batting: LHB Zion Davidson
|
0-0: Called Strike 0-1: Ball 1-1: Foul Ball, location: 2F 1-2: Strikes out swinging
|
| Bottom of the 9th over - 0 runs, 0 hits, 0 errors, 0 left on base; Nashville 6 - Round Rock 2 |
|